 Dungeon Crawl Stone Soup version 0.25-a0-1119-g28b6fd0c3b (webtiles) character file.

Game seed: 11773424368055825029, levelgen mode: deterministic

3707 Flugslaktarn the Cleaver (level 9, -3/82 HPs)
             Began as a Deep Dwarf Fighter on May 18, 2020.
             Was a Follower of Makhleb.
             Slain by an orc knight
             ... wielding a +0 war axe
              (14 damage)
             ... while paralysed by an orc sorcerer
             ... in a bailey.
             The game lasted 00:03:47 (3474 turns).

Flugslaktarn the Cleaver (Deep Dwarf Fighter)       Turns: 3474, Time: 00:03:48

Health: -3/82      AC: 13    Str: 22    XL:     9   Next: 91%
Magic:  2/2        EV:  2    Int:  9    God:    Makhleb [*.....]
Gold:   397        SH:  0    Dex: 13    Spells: 8/8 levels left

rFire    + . .     SeeInvis +   a - +0 war axe
rCold    . . .     Gourm    .   c - +1 kite shield
rNeg     . . .     Faith    .   n - +0 plate armour
rPois    .         Spirit   .   (no helmet)
rElec    .         Reflect  .   (no cloak)
rCorr    .         Harm     .   (no gloves)
MR       +....                  (no boots)
Stlth    ..........             (no amulet)
HPRegen  0.00/turn              i - ring of see invisible
MPRegen  0.08/turn              f - ring of protection from fire

@: paralysed, mighty, non-regenerating, drained
A: damage resistance, heal wounds, sense surroundings 2, no regeneration
a: Heal Wounds, Renounce Religion


You were in a bailey.
You worshipped Makhleb.
Makhleb was aware of your devotion.
You were not hungry.

You visited 2 branches of the dungeon, and saw 8 of its levels.
You also visited: Ossuary and Bailey.

You collected 397 gold pieces.

Inventory:

Hand Weapons
 a - a +0 war axe (weapon)
Armour
 c - a +1 kite shield (worn)
 n - a +0 plate armour (worn)
   (You took it off an orc warrior on level 7 of the Dungeon)
Jewellery
 f - a ring of protection from fire (right hand)
   (You found it on level 7 of the Dungeon)
 i - a ring of see invisible (left hand)
   (You found it on level 6 of the Dungeon)
Wands
 v - a wand of digging (7)
   (You found it on level 3 of the Dungeon)
Scrolls
 l - 2 scrolls of fear
 t - 3 scrolls of teleportation
 x - 3 scrolls of remove curse
Potions
 g - a potion of berserk rage
 h - a potion of haste {unknown}
 k - a potion of curing {unknown}
 o - a potion of lignification {unknown}
 w - a potion of heal wounds
Comestibles
 e - 5 rations
 m - 4 chunks of flesh


   Skills:
 + Level 6.3(5.6) Fighting
 * Level 9.9(9.2) Axes
 + Level 7.6(6.9) Armour
 + Level 7.6(6.9) Shields
 + Level 3.5(2.9) Invocations


You had 8 spell levels left.
You didn't know any spells.
Your spell library was empty.

Dungeon Overview and Level Annotations

Branches:
Dungeon (7/15)             Temple (1/1) D:6         Ossuary (visited)
 Bailey (1/1)

Altars:
Cheibriados
Elyvilon
Gozag
Makhleb
Nemelex Xobeh
Okawaru
Ru
Trog
Uskayaw
Vehumet
Xom
Zin

Annotations:
D:5 2 transporters, Flugslaktarn's ghost, amateur MiFi


Innate Abilities, Weirdness & Mutations

You are resistant to damage.
You can heal yourself by infusing magical energy.
You passively map the area around you.
You do not regenerate.


Message History

The red devil hits you from afar with a +0 vorpal trident.
The orc sorcerer hits you but does no damage.
You hit the orc sorcerer.
The orc sorcerer is almost dead.
You slash the orc knight!
The red devil hits you from afar with a +0 vorpal trident.
The orc knight roars a battlecry!
The orc sorcerer goes into a battle-frenzy!
You block the orc knight's attack. The orc sorcerer casts a spell at you.
You suddenly lose the ability to move!
The red devil hits you but does no damage.
The crimson imp blinks!
The orc sorcerer gestures at you while chanting.
The bolt of negative energy hits you!!
You feel drained.
* * * LOW HITPOINT WARNING * * *
The red devil hits you from afar with a +0 vorpal trident.
* * * LOW HITPOINT WARNING * * *
The orc knight hits you with a +0 war axe!
You die...

* * ,, #..! , ≈ * ,
+..? , ,≈ ≈ #######
≈ ≈ , + , ,
.......#+## ≈ , ,
.goK......+, ≈ ,,,
..oo.g..8.# * ≈ *,
,, .......5..# ≈ ≈
* *###o8.# ≈ ≈ ≈ ≈
* ,#######.@o4.# ≈
8 , #.....#...8.# ≈
,#.....#.....# ≈ **
, #..⌠..#..#### ≈ ,
, +...))'..# ,, ≈≈≈
,, , +...[.'..# ,
≈≈≈ **
#####+++#####, * ≈
≈ + #...........# +
*≈ ≈ ≈≈ ** *
#≈≈≈≈...≈;≈≈######≈
≈


You could see an orc knight, an orc sorcerer (strong), a red devil (summoned)
and a quasit (summoned).

Vanquished Creatures
  Pikel (D:5)
  A troll (D:5)
  A hippogriff (D:7)
  Menkaure (D:5)
  A slave (D:5)
  An ice beast (D:4)
  2 orc warriors
  A necrophage (D:6)
  2 phantoms
  4 centaurs
  2 ogres
  A big kobold (D:7)
  2 elf zombies (Ossuary)
  3 bullfrogs (D:7)
  2 scorpions
  4 killer bees (D:7)
  2 howler monkeys
  3 bullfrog zombies
  A human zombie (Ossuary)
  A quasit (D:6)
  5 hounds
  2 jellies (D:7)
  A bullfrog skeleton (D:6)
  A centaur skeleton (D:6)
  An orc wizard (D:5)
  2 iguanas
  7 worker ants
  4 big kobold zombies (Ossuary)
  2 mummies (Ossuary)
  6 gnolls
  6 adders
  A shadow imp (D:6)
  An ooze (D:1)
  An adder zombie (D:6)
  3 worms
  A dart slug (D:4)
  5 leopard geckos
  14 orcs
  4 giant cockroaches
  2 gnoll zombies (Ossuary)
  3 goblins
  8 hobgoblins
  9 jackals
  2 kobolds (D:3)
  3 quokkas
  2 ball pythons
  2 goblin zombies (Ossuary)
  3 hobgoblin zombies (Ossuary)
  A quokka zombie (D:7)
  3 rats
141 creatures vanquished.

Vanquished Creatures (others)
  A big kobold (D:5)
  2 leopard geckos (D:5)
  4 kobolds (D:5)
  5 plants (D:5)
12 creatures vanquished.

Grand Total: 153 creatures vanquished

Notes
Turn   | Place    | Note
-------+----------+-------------------------------------------
     0 | D:1      | Flugslaktarn the Deep Dwarf Fighter began the quest for the
                  | Orb.
     0 | D:1      | Reached XP level 1. HP: 20/20 MP: 1/1
    96 | D:2      | Reached XP level 2. HP: 24/27 MP: 2/2
   129 | D:2      | Noticed a scorpion
   142 | D:2      | Killed a scorpion
   142 | D:2      | Reached skill level 3 in Axes
   142 | D:2      | Reached XP level 3. HP: 21/34 MP: 3/3
   161 | D:3      | Reached XP level 4. HP: 42/42 MP: 4/4
   648 | D:4      | Noticed an ice beast
   673 | D:4      | Killed an ice beast
   673 | D:4      | Reached skill level 4 in Axes
   673 | D:4      | Reached XP level 5. HP: 33/49 MP: 4/4
   677 | D:4      | Found an iron altar of Okawaru.
   688 | D:4      | Noticed a centaur
   701 | D:4      | Killed a centaur
   701 | D:4      | Reached XP level 6. HP: 35/57 MP: 5/5
   799 | D:4      | Reached skill level 5 in Axes
  1023 | D:5      | Entered Level 5 of the Dungeon
  1034 | D:5      | Reached XP level 7. HP: 40/64 MP: 5/5
  1042 | D:5      | Noticed a troll
  1081 | D:5      | Killed a troll
  1081 | D:5      | Reached skill level 6 in Axes
  1081 | D:5      | Reached skill level 5 in Armour
  1081 | D:5      | Reached skill level 5 in Shields
  1126 | D:5      | Noticed Pikel
  1156 | D:5      | Killed Pikel
  1156 | D:5      | Reached skill level 7 in Axes
  1156 | D:5      | Reached XP level 8. HP: 56/73 MP: 3/3
  1165 | D:5      | Noticed Menkaure
  1173 | D:5      | Killed Menkaure
  1187 | D:5      | Noticed Flugslaktarn's ghost (amateur MiFi)
  1191 | D:5      | Identified the +5 spear of Sutidat {venom, rElec rC+ SInv}
  1191 | D:5      | Identified the +1 scale mail of Gozag's Generosity {rC+
                  | Regen+ Str+6 Int-4}
  1191 | D:5      | Identified the +3 kite shield "Nazesuv" {+Inv rN+++ Str+2
                  | Int-5}
  1257 | D:5      | Reached skill level 5 in Fighting
  1282 | D:5      | Found a transporter.
  1430 | D:5      | Found a transporter.
  1482 | D:5      | Found a sand-covered staircase.
  1492 | Ossuary  | Entered an ossuary
  1511 | Ossuary  | Reached skill level 8 in Axes
  1713 | D:5      | Found a shimmering altar of Xom.
  1713 | D:5      | Found a sparkling altar of Nemelex Xobeh.
  1713 | D:5      | Found a glowing silver altar of Zin.
  1713 | D:5      | Found a radiant altar of Vehumet.
  1726 | D:5      | Gained mutation: You passively map the area around you.
                  | [Deep Dwarf growth]
  1726 | D:5      | Reached XP level 9. HP: 30/81 MP: 4/4
  2088 | D:6      | Found a staircase to the Ecumenical Temple.
  2105 | Temple   | Entered the Ecumenical Temple
  2202 | Temple   | Became a worshipper of Makhleb the Destroyer
  2324 | D:6      | Reached skill level 9 in Axes
  2374 | D:6      | Reached skill level 1 in Invocations
  2715 | D:6      | Found a white marble altar of Elyvilon.
  3090 | D:7      | Reached * piety under Makhleb
  3350 | D:7      | Found a snail-covered altar of Cheibriados.
  3411 | D:7      | Found a flagged portal.
  3422 | Bailey   | Entered a bailey
  3457 | Bailey   | Found an iron altar of Okawaru.
  3457 | Bailey   | Noticed a kobold demonologist
  3457 | Bailey   | Noticed an orc sorcerer
  3457 | Bailey   | Noticed an orc knight
  3466 | Bailey   | Noticed a red devil
  3472 | Bailey   | Paralysed by an orc sorcerer for 4 turns
  3474 | Bailey   | Slain by an orc knight

Illustrated notes

Levels and vault maps discovered:
D:1:      dpeg_arrival_houses_and_road, layout_basic, minmay_misc_feat_alley,
          st_stairs_9
D:2:      layout_loops_cross, uniq_crazy_yiuf_cottage
D:3:      layout_rooms, minmay_misc_feat_cross, xom_teletrap_fun
D:4:      layout_basic, lemuel_round_altar, first_ration
D:5:      layout_loops_ring, grunt_temple_overflow_cloverleaf,
          lightli_ossuary_entry_decrepit_ruins, gammafunk_ghost_gnarly_gnolls,
          uniq_menkaure, uniq_pikel
D:6:      layout_loops_ring, lemuel_crystal_altar, minmay_temple_entry_glass
D:7:      cheibrodos_barr_body, layout_loops_ring, slow_altar_1, enter_bailey_7
Temple:   minmay_temple_curvy_loop
Bailey:   bailey_axe_of_yendor_kennysheep, bailey

Skill      XL: |  1  2  3  4  5  6  7  8  9 |
---------------+----------------------------+-----
Fighting       | 3 4 5 6 |  6.3
Axes           | 3 4 5 7 8 9 |  9.9
Armour         | 4 5 6 7 |  7.6
Shields        | 4 5 6 7 |  7.6
Invocations    | 3 |  3.5

Action                   |  1- 3 |  4- 6 |  7- 9 || total
-------------------------+-------+-------+-------++-------
Melee: War axe           |    35 |   100 |   487 ||   622
 Abil: Heal Wounds       |     1 |     5 |    27 ||    33
  Use: Potion            |       |       |     2 ||     2
       Scroll            |       |       |    11 ||    11
  Eat: Chunk             |       |       |     7 ||     7
       Ration            |       |       |     1 ||     1
Armor: Scale mail        |     8 |    37 |   158 ||   203
       Chain mail        |       |       |    58 ||    58
       Plate armour      |       |       |    21 ||    21
Dodge: Dodged            |    10 |    33 |   152 ||   195
Block: Kite shield       |    17 |    62 |   349 ||   428

Table legend:
 A = Non-vault XP
 B = Vault XP
 C = Vault XP percentage of total XP
 D = Non-vault monster count
 E = Vault monster count
 F = Vault count percentage of total count
                 A         B        C        D         E       F
            +---------+---------+-------+---------+---------+-------
      Total |    3256 |    2041 |  38.5 |     101 |      39 |  27.9
            +---------+---------+-------+---------+---------+-------
        D:1 |      11 |       0 |   0.0 |       4 |       0 |   0.0
        D:2 |      84 |       0 |   0.0 |       7 |       0 |   0.0
        D:3 |      12 |       0 |   0.0 |       6 |       0 |   0.0
        D:4 |     588 |       0 |   0.0 |      16 |       0 |   0.0
        D:5 |    1068 |     794 |  42.6 |      22 |       2 |   8.3
        D:6 |     748 |       0 |   0.0 |      29 |       0 |   0.0
        D:7 |     745 |     718 |  49.1 |      17 |      15 |  46.9
    Ossuary |       0 |     387 | 100.0 |       0 |      16 | 100.0
     Bailey |       0 |     142 | 100.0 |       0 |       6 | 100.0
            +---------+---------+-------+---------+---------+-------
